 Dungeon Crawl Stone Soup version 0.28.0 (webtiles) character file.

Game seed: 7813690299757837022

35 Sharkman1231 the Sneak (level 3, -12/29 HPs)
             Began as a Demonspawn Delver on Feb 6, 2022.
             Mangled by a mummy (14 damage)
             ... on level 5 of the Dungeon.
             The game lasted 00:00:26 (262 turns).

Sharkman1231 the Sneak (Demonspawn Delver)           Turns: 262, Time: 00:00:27

Health: -12/29     AC:  6    Str: 12    XL:     3   Next: 17%
Magic:  3/3        EV:  9    Int: 11    God:
Gold:   0          SH:  0    Dex: 16    Spells: 2/2 levels left

rFire   . . .      SeeInvis .   a - +0 falchion
rCold   . . .      Faith    .   (no shield)
rNeg    . . .      Spirit   .   h - +0 scale mail
rPois   .          Reflect  .   (no helmet)
rElec   .          Harm     .   (no cloak)
rCorr   .          Rampage  .   (no gloves)
Will    .....                   (no boots)
Stlth   +.........              (no amulet)
HPRegen 0.09/turn               (no ring)
MPRegen 0.08/turn               (no ring)

@: no status effects
A: weakness stinger 1
a: no special abilities


You were on level 5 of the Dungeon.
You visited 1 branch of the dungeon, and saw 1 of its levels.

Inventory:

Hand Weapons
 a - a +0 falchion (weapon)
Armour
 b - a +0 leather armour
 h - a +0 scale mail (worn)
Wands
 g - a wand of digging (3)
Scrolls
 c - a scroll of fog
 d - a scroll of torment {unknown}
 e - a scroll of fear
Potions
 f - a potion of haste


   Skills:
 + Level 3.2 Fighting
 * Level 2.5 Long Blades
 + Level 2.1 Dodging
 - Level 4.5 Stealth
 + Level 1.1 Evocations


You had 2 spell levels left.
You didn't know any spells.
Your spell library was empty.

Dungeon Overview and Level Annotations

Branches:
Dungeon (5/15)
 Temple: D:4-7

Altars:

Portals:
Ossuary: D:5


Innate Abilities, Weirdness & Mutations

You have a small tail.


Message History

You finish taking off your +0 leather armour.
You start putting on your armour.
You continue putting on your +0 scale mail. x5
You finish putting on your +0 scale mail.
There are no items here.
Unknown command.
You start resting.
You hear the slow hiss of an avalanche of sand nearby.
Found a stone staircase leading up.
You start resting.
You hear the slow hiss of an avalanche of sand.
You start resting.
You hear the slow hiss of an avalanche of sand.
You start resting.
You hear the hiss of an avalanche of sand.
As you open the door, it creaks loudly!
A mummy comes into view.
Found a sand-covered staircase.
There is an open door here.
You slash the mummy!
The mummy is moderately damaged.
You hit the mummy.
The mummy is heavily damaged.
The mummy hits you!
You hit the mummy.
The mummy is severely damaged.
The mummy hits you!
* * * LOW HITPOINT WARNING * * *
You are too injured to fight recklessly!
You hit the mummy.
You tail-slap the mummy, but do no damage.
You punch the mummy, but do no damage.
The mummy is severely damaged.
The mummy hits you but does no damage.
Unknown command.
You close the door.
A mummy opens the door.
You hit the mummy.
The mummy is almost destroyed.
The mummy hits you!
You die...

#.# #.##########. #.# #.# ####
#.###.## #...
#######.#....####**#..#
#....<............*#..*
*.#####.#....####.*#.,* *,*
#.###.###**,*#.,*
###.#####........**,*#,,*
*******#.......@.........,,,,,,*
*,,,,,,..#####M#####.##.#*******
*,******,,*#.....#*,.#*.# *,*
**,,##...##,,,**,# *,*
**,,##∩##,,*,**,* *,*
**,,###,,**,**,* *,*
**,,*,,,**,**,* *,*
**,,,*,**,**,*
*,************,**,*,,,*,* *****


You could see a mummy.

Vanquished Creatures
  A bullfrog skeleton (D:5)
  A howler monkey skeleton (D:5)
2 creatures vanquished.

Notes
Turn   | Place    | Note
-------+----------+-------------------------------------------
     0 | D:5      | Sharkman1231 the Demonspawn Delver began the quest for the
                  | Orb.
     0 | D:5      | Reached XP level 1. HP: 18/18 MP: 1/1
    16 | D:5      | Gained mutation: You have a small tail. [demonic ancestry]
    16 | D:5      | Reached XP level 2. HP: 16/24 MP: 2/2
    23 | D:5      | HP: 1/24 [bullfrog skeleton (2)]
    26 | D:5      | Reached skill level 1 in Evocations
    26 | D:5      | Reached XP level 3. HP: 2/29 MP: 3/3
   252 | D:5      | Found a sand-covered staircase.
   262 | D:5      | Mangled by a mummy

Illustrated notes

Levels and vault maps discovered:
D:5:      gammafunk_cloud_chamber, layout_loops_ring,
          nicolae_overflow_crystal_walls, gup_ossuary_entry_pyramid,
          chequers_jeans

Skill      XL: |  1  2 |
---------------+-------+-----
Long Blades    | 2 |  2.5
Dodging        | 2 |  2.1
Evocations     | 1 |  1.1
Fighting       | |  3.2
Stealth        | |  4.5

Action                   || total
-------------------------++-------
Melee: Falchion          ||    17
       Tailslap          ||     2
       Punch             ||     1
  Use: Scroll            ||     1
Armor: Leather armour    ||     3
       Scale mail        ||     1
Dodge: Dodged            ||     5
